 Dungeon Crawl Stone Soup version 0.31.0-12-g77e489cdc1 (webtiles) character file.

Game seed: 4141945755556581867

233 hawla the Ducker (level 5, 0/46 HPs)
             Began as a Minotaur Fighter on Mar 6, 2024.
             Slain by a goblin
             ... wielding a +0 club
             ... led by Robin
              (2 damage)
             ... on level 4 of the Dungeon.
             The game lasted 00:04:25 (2375 turns).

hawla the Ducker (Minotaur Fighter)                 Turns: 2375, Time: 00:04:25

Health: 0/46       AC: 11    Str: 20    XL:     5   Next: 75%
Magic:  4/4        EV:  9    Int:  5    God:
Gold:   149        SH:  5    Dex: 12    Spells: 4/4 levels left

rFire   . . .        a - +0 long sword
rCold   . . .        c - +0 buckler
rNeg    . . .        k - +0 chain mail
rPois   .            (helmet restricted)
rElec   .            (no cloak)
rCorr   .            (no gloves)
SInv    .            b - +1 pair of boots
Will    .....        (no amulet) Stlth
                     (no ring)
HPRegen 0.27/turn    (no ring)
MPRegen 0.09/turn

%: no passive effects
@: no status effects
A: horns 2, retaliatory headbutt
a: no special abilities


You were on level 4 of the Dungeon.
You visited 1 branch of the dungeon, and saw 4 of its levels.

You collected 149 gold pieces.

Inventory:

Hand Weapons
 a - a +0 long sword (weapon)
Missiles
 i - 15 poisoned darts (quivered)
Armour
 b - a +1 pair of boots (worn)
 c - a +0 buckler (worn)
 k - a +0 chain mail (worn)
Scrolls
 h - a scroll of fog
 l - a scroll of enchant weapon
Potions
 d - a potion of might
 e - a potion of enlightenment
 f - 2 potions of brilliance
 g - a potion of attraction
 m - a potion of lignification {unknown}


   Skills:
 - Level 4.0 Fighting
 - Level 2.4 Long Blades
 + Level 0.8 Throwing
 - Level 3.6 Armour
 - Level 5.0 Dodging
 - Level 5.0 Shields


You had 4 spell levels left.
You didn't know any spells.
Your spell library was empty.

Dungeon Overview and Level Annotations

Branches:
Dungeon (4/15)
 Temple: D:4-7

Altars:
Qazlal

Annotations:
D:4 Robin


Innate Abilities, Weirdness & Mutations

You have a pair of horns on your head.
You reflexively headbutt those who attack you in melee.


Message History

The goblin is severely wounded.
The goblin barely misses you. The goblin hits you with a +0 club.
The goblin hits you but does no damage. The hobgoblin misses you.
You block the goblin's attack.
You closely miss the goblin.
The goblin is severely wounded.
You block the goblin's attack.
The goblin hits you but does no damage. x2
You block the hobgoblin's attack. The goblin hits you but does no damage.
The goblin hits you with a +0 club. The goblin hits you with a +0 dagger.
You hit the goblin.
You kill the goblin!
The hobgoblin no longer looks unusually strong.
You block the goblin's attack. The goblin closely misses you.
You furiously retaliate!
You headbutt the goblin. The goblin hits you but does no damage.
The hobgoblin closely misses you. The goblin hits you with a +0 club.
* * * LOW HITPOINT WARNING * * *
The goblin hits you but does no damage. Robin throws the goblin at you!
* * * LOW HITPOINT WARNING * * *
You block the goblin's attack. The goblin hits you but does no damage.
The goblin hits you with a +0 club.
* * * LOW HITPOINT WARNING * * *
The goblin hits you but does no damage. The hobgoblin closely misses you.
You furiously retaliate!
You headbutt the hobgoblin!
You kill the hobgoblin!
The goblin closely misses you.
Robin points. "Kill!"
Okay, then.
The goblin no longer looks unusually strong.
The goblin closely misses you. You furiously retaliate!
You headbutt the goblin. You block the goblin's attack.
The goblin attacks as it pursues you! The goblin hits you with a +0 dagger.
* * * LOW HITPOINT WARNING * * *
The goblin hits you but does no damage. Robin throws the goblin at you!
It was a potion of cancellation.
You feel magically purged.
The hobgoblin no longer looks unusually strong.
The goblin hits you with a +0 club.
* * * LOW HITPOINT WARNING * * *
The goblin hits you but does no damage. The goblin hits you with a +0 club.
You die...

...
#....#...###.###.....
..
.............)....#
...................#
.............)...#
....................
..#.....##.####..###
........##.####..#
#....ggg.......#
#...gg@.........
#...g.##..###..##
.......g##..... ..
#.#.<...........
.................
#.#.##.>......... #
#. #........... .
#.#.##


You could see Robin, a hobgoblin and 5 goblins.

Vanquished Creatures
  A scorpion (D:4)
  A jelly (D:4)
  Jessica (D:2)
  A gnoll (D:4)
  4 adders
  3 orcs (D:4)
  6 endoplasms
  2 giant cockroaches
  13 goblins
  17 hobgoblins
  3 quokkas
  2 ball pythons
  2 bats
  6 frilled lizards
  3 kobolds
  3 rats
68 creatures vanquished.

Notes
Turn   | Place    | Note
-------+----------+-------------------------------------------
     0 | D:1      | hawla the Minotaur Fighter began the quest for the Orb.
     0 | D:1      | Reached XP level 1. HP: 19/19 MP: 0/0
   102 | D:1      | Reached skill level 1 in Dodging
   104 | D:1      | Reached XP level 2. HP: 26/27 MP: 1/1
   569 | D:1      | Reached XP level 3. HP: 33/33 MP: 2/2
  1198 | D:2      | Reached XP level 4. HP: 33/40 MP: 3/3
  1257 | D:2      | Noticed Jessica
  1270 | D:2      | Killed Jessica
  1643 | D:2      | Found a stormy altar of Qazlal.
  2097 | D:4      | Noticed a scorpion
  2111 | D:4      | Killed a scorpion
  2112 | D:4      | Reached skill level 5 in Dodging
  2112 | D:4      | Reached XP level 5. HP: 19/46 MP: 4/4
  2357 | D:4      | Reached skill level 5 in Shields
  2362 | D:4      | Noticed Robin
  2375 | D:4      | HP: 2/46 [goblin/+0 club[Robin] (4)]
  2375 | D:4      | Slain by a goblin

Illustrated notes

Levels and vault maps discovered:
D:1:      dpeg_arrival_oval, layout_loops_ring
D:2:      layout_loops_ring, basic_altar, uniq_jessica
D:3:      layout_basic, portal_sewer_entry_d, uniq_crazy_yiuf_cottage
D:4:      minmay_goblin_kobold_castle, layout_basic,
          corexii_item_surrounded_by_moat, small_statue_alley_b, uniq_ijyb,
          uniq_robin, uniq_edmund

Skill      XL: |  1  2  3  4  5 |
---------------+----------------+-----
Fighting       | 4 |  4.0
Dodging        | 1 2 3 5 |  5.0
Shields        | 4 5 |  5.0
Long Blades    | |  2.4
Throwing       | |  0.8
Armour         | |  3.6

Action                     |  1- 3 |  4- 6 || total
---------------------------+-------+-------++-------
  Melee: Long sword        |   100 |    64 ||   164
         Headbutt          |    10 |     7 ||    17
    Use: Scroll            |     2 |     3 ||     5
         Potion            |       |     1 ||     1
 Armour: Scale mail        |    61 |    16 ||    77
         Chain mail        |       |    90 ||    90
  Dodge: Dodged            |    56 |    60 ||   116
  Block: Buckler           |    17 |    31 ||    48
